Spawn, chaotic male human Monk ---- ...-- -------- ........---- --...@u.....}}}....o......- |<..........}{}.......k..o+ --.%........}}}...........- --------.........---- ..- -.......-- -------- Spawn the Initiate Experience level: 8 Strength: 17 Dexterity: 15 Constitution: 11 Intelligence: 11 Wisdom: 10 Charisma: 10 Health: 0(45) Energy: 40(40) Def: 11 Gold: 412 Moves: 2255 Dungeon seed: TxUm--UbRRLGpsoe Game ID: Spawn_1520367794 Your Inventory: Coins $ - 412 gold pieces Armor e - an uncursed +2 pair of leather gloves (being worn) n - an uncursed +3 robe (being worn) q - an uncursed +0 orcish helm (being worn) r - an uncursed +0 pair of iron shoes (being worn) Comestibles d - 4 uncursed food rations f - 4 uncursed apples g - 4 uncursed oranges h - an uncursed fortune cookie Scrolls H - 3 uncursed scrolls of teleportation W - an uncursed scroll of light Spellbooks a - a blessed spellbook of sleep x - an uncursed spellbook of dig L - an uncursed spellbook of haste self P - an uncursed spellbook of jumping Potions b - an uncursed potion of sleeping c - 5 uncursed potions of healing k - an uncursed potion of object detection t - an uncursed potion of confusion v - a blessed potion of restore ability Rings l - an uncursed ring of fire resistance (on left hand) C - an uncursed ring of invisibility S - an uncursed ring of protection from shape changers (on right hand) Wands i - an uncursed wand of enlightenment (0:2) p - an uncursed wand of probing (0:6) s - an uncursed wand of slow monster (0:3) A - an uncursed wand of digging (0:7) B - an uncursed wand of striking (0:4) M - an uncursed wand of teleportation (0:7) Tools j - an uncursed magic marker (0:74) u - an uncursed +0 unicorn horn y - an uncursed lock pick D - an uncursed tin whistle K - an uncursed oil lamp (lit) (0:222) T - an uncursed credit card U - a blessed can of grease (0:14) Spells and supernatural/magical abilities: Name Level Category Fail Memory d - dig 2 matter 82% 98% j - jumping 1 escape 0% 98% z - sleep 2 enchantment 82% 89% H - haste self 3 escape 94% 98% W - pray for help -- divine ? -- Your skills at the end: Miscellaneous Skills martial arts [Expert] wands [Basic] stealth [Skilled] Weapon Skills Spellcasting Skills healing spells [Basic] Final Attributes: You were piously aligned. You were fire resistant. You were sleep resistant. You were poison resistant. You had wounded legs. You saw invisible. You were warned. You were somewhat stealthy. You were protected from shape changers. You were fast. You are dead. Vanquished creatures: a large mimic a small mimic a shocking sphere an elf mummy a succubus 2 giant beetles a giant spider 3 gnome kings a yeti a housecat a dwarf lord a white unicorn a gnome mummy a wood nymph a rock piercer a violet fungus 11 gnome lords 2 gnomish wizards a kobold mummy a golden naga hatchling 15 dwarves 2 kobold lords 2 iguanas a rabid rat a giant bat 2 orc zombies 2 dwarf zombies a wererat 2 coyotes a gas spore 8 hobbits a gecko a hobgoblin 2 giant rats a yellow mold a green mold a red mold 48 gnomes a gnome zombie 10 jackals 2 foxes a kobold 5 newts 3 goblins 4 sewer rats 2 lichens 154 creatures vanquished. Voluntary challenges: You did not cause conflict. You were not invisible. You did not have reflection. You were not displaced. You never hit with a wielded weapon. You did not use containers. You did not use plumbed fixtures. You read items or engraved 48 times, starting on turn 77. You never genocided any monsters. You never polymorphed an object. You never changed form. You used no wishes. You never split a pudding. You never wrote Elbereth's name. You violated your moral code, losing 1 point of alignment, starting on turn 465. Dungeon overview: The Dungeons of Doom: levels 1 to 4 Level 1 a sink a long staircase Level 2 Level 3 Level 4 stairs to The Gnomish Mines The Gnomish Mines: levels 5 to 13 Level 5 stairs to The Dungeons of Doom Level 6 Level 7 Level 8 some shops, a temple to Chih Sung-tzu, some fountains Level 9 Level 10 Level 11 Level 12 Level 13 <- You were here a fountain History has recorded: On T:1 you entered the Dungeons of Doom to retrieve the Amulet of Yendor! On T:243 you reached level 2 of The Dungeons of Doom. On T:351 you reached level 3 of The Dungeons of Doom. On T:414 you advanced to experience level 2. On T:550 you reached level 4 of The Dungeons of Doom. On T:553 you advanced to experience level 3. On T:865 you reached level 1 of The Gnomish Mines. On T:873 you advanced to experience level 4. On T:952 you advanced to experience level 5. On T:1052 you reached level 2 of The Gnomish Mines. On T:1150 you advanced to experience level 6. On T:1196 you reached level 3 of The Gnomish Mines. On T:1387 you reached level 4 of The Gnomish Mines. On T:1519 you entered the Minetown temple On T:1555 you reached level 5 of The Gnomish Mines. On T:1565 you advanced to experience level 7. On T:1712 you prayed to Huan Ti. On T:1870 you reached level 6 of The Gnomish Mines. On T:2006 you reached level 7 of The Gnomish Mines. On T:2025 you advanced to experience level 8. On T:2159 you reached level 8 of The Gnomish Mines. On T:2250 you reached level 9 of The Gnomish Mines. On T:2250 you reached the bottom of the Mines. Score breakdown: Gold: 412 ( 41 points) Experience: 8 levels ( 700 points) Exploration: 13 levels ( 360 points) Discoveries: 18 items ( 900 points) Variety of kills: 46 monsters ( 2000 points) Major goal: reached Mine's End ( 1000 points) Survival: died (score multiplied by 3) Total score: 15003 Latest messages: A board beneath you squeaks loudly. You kill the gnome! You have a little trouble lifting B - a wand of striking. There are a few more objects here. You are carrying too much to get through. (2x) One of your legs feels somewhat better. You fall down the stairs. You hear a distant squeak. (4x) The goblin misses. You kill the goblin! You hear a distant squeak. (5x) The warhorse kicks! The warhorse misses. You hear a distant squeak. (5x) The warhorse misses. The warhorse bites! You strike the warhorse! The warhorse kicks! The warhorse bites! The warhorse kicks! The warhorse bites! You die... Final status: Goodbye Spawn the Monk, killed by a warhorse... You died in The Gnomish Mines on dungeon level 13 with 15003 points, and 412 pieces of gold, after 2255 moves. You were level 8 with a maximum of 45 hit points when you died.